 Dungeon Crawl Stone Soup version 0.13.1-27-ga479965 (webtiles) character file.

216 Moses the Ducker (level 4, 0/22 HPs)
             Began as a Felid Berserker on Jan 30, 2014.
             Was a Believer of Trog.
             Slain by a giant frog (6 damage)
             ... on Level 6 of the Dungeon.
             The game lasted 00:06:51 (810 turns).

Moses the Ducker (Felid Berserker)                   Turns: 810, Time: 00:06:51

HP   0/22        AC  1     Str 13      XL: 4   Next: 86%
MP   6/6         EV 20     Int  9      God: Trog [**....]
Gold 88          SH  0     Dex 16      Spells:  0 memorised,  3 levels left
Lives: 0, deaths: 1

Res.Fire  : . . .   See Invis. : +     - Unarmed
Res.Cold  : . . .   Warding    : .   (armour unavailable)
Life Prot.: . . .   Conserve   : .   (shield unavailable)
Res.Poison: .       Res.Corr.  : .   (helmet unavailable)
Res.Elec. : .       Clarity    : .   (cloak unavailable)
Sust.Abil.: . .     Spirit.Shd : .   (gloves unavailable)
Res.Mut.  : .       Stasis     : .   (boots unavailable)
Res.Rott. : .       Flight     : .   (no amulet)
Saprovore : . . .                    (no ring)
                                     (no ring)

@: regenerating, quick, very resistant to hostile enchantments, fairly stealthy
A: paw claws, no armour, no advanced items, fangs 3, see invisible, carnivore 3,
speed 1, slow metabolism 1, AC +1
a: Burn Spellbooks, Berserk, Trog's Hand, Renounce Religion


You were on level 6 of the Dungeon.
You worshipped Trog.
Trog was pleased with you.
You were not hungry.

You visited 1 branch of the dungeon, and saw 6 of its levels.

You collected 68 gold pieces.

Inventory:

Comestibles
 c - a meat ration
Scrolls
 d - a scroll of curse armour {unknown}
 e - 3 scrolls of curse weapon {unknown}
 f - 2 scrolls of teleportation {unknown}
 g - a scroll of enchant weapon I {unknown}
 h - a scroll of noise {unknown}
 j - a scroll of amnesia {unknown}
 n - a scroll of identify {unknown}
Jewellery
 i - an uncursed ring of see invisible {unknown}
 k - a cursed ring of hunger {unknown}
 m - a cursed ring of teleportation {unknown}
Potions
 a - 2 potions of heal wounds {unknown}
 b - 2 potions of curing {unknown}
 l - a potion of flight {unknown}


   Skills:
 + Level 4.1 Fighting
 + Level 5.5 Dodging
 * Level 5.1 Unarmed Combat


You had 3 spell levels left.
You didn't know any spells.

Dungeon Overview and Level Annotations

Branches:
Dungeon (6/27)
 Temple: D:4-7          Orc: D:6-11

Altars:


Innate Abilities, Weirdness & Mutations

You cannot wear armour.
You are incapable of any advanced item manipulation.
Your paws have sharp claws.
You have razor-sharp teeth.
You have supernaturally acute eyesight.
You are carnivorous and can eat meat at any time.
You cover ground quickly.
You are covered in fur (AC +1).
You have a slow metabolism.


Message History

You bite the giant frog.
The giant frog is lightly wounded.
The giant frog barely misses you.
You scratch the giant frog. Your punch misses the giant frog.
The giant frog is lightly wounded.
The giant frog hits you!
You scratch the giant frog.
The giant frog is heavily wounded.
The giant frog closely misses you. The giant frog hits you!
You completely miss the giant frog.
You bite the giant frog, but do no damage.
The giant frog is heavily wounded.
The giant frog hits you.
* * * LOW HITPOINT WARNING * * *
Use which ability? (? or * to list)
Your skin crawls.
You feel resistant to hostile enchantments.
You feel slightly more hungry. The giant frog completely misses you.
The giant frog hits you.
You die...

... ... . ..# ...
##.###...#
#........#
######.....#.###
..)...........>.#
..>.##.<##..<..##
.........@F..%....
.............####
######..######
#..# #..# #..#
#..# #..# .


You could see a giant frog (bleeding).

Vanquished Creatures
  The ghost of teukkam the Caller, a weakling DsSu (D:3)
  An orc priest (D:4)
  A hound (D:4)
  An orc wizard (D:4)
  A scorpion (D:4)
  2 worker ants (D:4)
  2 adders
  An ooze (D:2)
  3 orcs
  2 giant cockroaches (D:2)
  A hobgoblin (D:2)
  2 jackals (D:4)
  A ball python (D:2)
  4 bats
  2 giant newts
  A goblin (D:2)
  3 kobolds
  2 quokkas (D:2)
  2 rats
33 creatures vanquished.

Notes
Turn   | Place    | Note
--------------------------------------------------------------
     0 | D:1      | Moses, the Felid Berserker, began the quest for the Orb.
     0 | D:1      | Reached XP level 1. HP: 10/10 MP: 1/1
   171 | D:2      | Reached XP level 2. HP: 5/14 MP: 2/2
   282 | D:2      | Acquired Trog's second power
   363 | D:3      | Noticed teukkam's ghost (weakling DsSu)
   366 | D:3      | Killed teukkam's ghost
   366 | D:3      | Reached XP level 3. HP: 18/18 MP: 4/4
   453 | D:4      | Reached XP level 4. HP: 21/21 MP: 6/6
   457 | D:4      | Reached skill level 5 in Dodging
   463 | D:4      | Reached XP level 5. HP: 25/25 MP: 7/7
   603 | D:4      | Reached skill level 5 in Unarmed Combat
   619 | D:5      | Entered Level 5 of the Dungeon
   630 | D:5      | Noticed a hippogriff
   657 | D:5      | Slain by a hippogriff
   658 | D:5      | Reached XP level 4. HP: 0/33 MP: 6/6
   804 | D:6      | Noticed a giant frog
   810 | D:6      | Slain by a giant frog

Action                   |  1- 3 |  4- 6 || total
-------------------------+-------+-------++-------
Melee: Unarmed           |    58 |    59 ||   117
Invok: Berserk           |     3 |     1 ||     4
       Trog's Hand       |     2 |     4 ||     6
 Stab: Sleeping          |       |     1 ||     1
